 Dungeon Crawl Stone Soup version 0.22.0-75-g3901e79 (webtiles) character file.

111851 Fang the Severer (level 16, -17/159 HPs)
             Began as a Gargoyle Berserker on Sept 11, 2018.
             Was the Champion of Trog.
             Demolished by an acid blob (27 damage)
             ... on level 1 of the Pits of Slime on Sept 12, 2018.
             The game lasted 01:00:57 (27451 turns).

Fang the Severer (Gargoyle Berserker)              Turns: 27451, Time: 01:00:58

Health: -17/159    AC: 12    Str: 31    XL:     16   Next: 58%
Magic:  0/16       EV: 12    Int: 15    God:    Trog [******]
Gold:   2636       SH:  0    Dex:  9    Spells: 15/15 levels left

rFire    . . .     SeeInvis +   L - +11 executioner's axe of Velicuc {venom, *Drain rF++ Int+2 SInv}
rCold    + + +     Gourm    .   (shield currently unavailable)
rNeg     + . .     Faith    +   I - +0 ice dragon scales
rPois    ∞         Spirit   +   W - +2 helmet
rElec    +         Reflect  .   p - scarf {Spirit}
rCorr    .         Harm     .   X - +0 pair of gloves of Context {-Cast +Blink rPois Regen+}
MR       +....     NoCast   +   (no boots)
Stlth    ..........             H - amulet of faith
HPRegen  0.76/turn              q - ring of ice
MPRegen  0.15/turn              B - +3 ring of intelligence

@: berserking, corroded, flying, heavily drained, very quick
A: big wings, negative energy resistance 1, electricity resistance, unbreathing,
petrification resistance, rot immunity, AC +12
a: Stop Flying, Berserk, Trog's Hand, Brothers in Arms, Renounce Religion, Evoke
Blink


You were on level 1 of the Pits of Slime.
You worshipped Trog.
Trog was exalted by your worship.
You were near starving.

You visited 5 branches of the dungeon, and saw 25 of its levels.
You also visited: Ice Cave.

You collected 2636 gold pieces.

Inventory:

Hand Weapons
 i - the +5 battleaxe of Mayhem {chaos, rElec Str+3 SInv}
   (You acquired it on level 2 of the Orcish Mines)

   Each time it hits an enemy it has a different, random effect.
   It affects your strength (+3).
   It insulates you from electricity.
   It lets you see invisible.
 j - a +6 antimagic executioner's axe
 t - a +6 battleaxe of freezing
 L - the +11 executioner's axe of Velicuc (weapon) {venom, *Drain rF++ Int+2 SInv}
   (Trog gifted it to you on level 10 of the Dungeon)

   It poisons the flesh of those it strikes.
   It affects your intelligence (+2).
   It greatly protects you from fire.
   It lets you see invisible.
   It causes draining when unequipped.
 R - the +3 broad axe of Defiance {drain, +Rage rF+ Str+4 Int+2}
   (You found it on level 6 of the Lair of Beasts)

   A truly terrible weapon, it drains the life of those it strikes.
   It affects your strength (+4).
   It affects your intelligence (+2).
   It protects you from fire.
   It lets you go berserk.
Armour
 p - a scarf of spirit shield (worn)
 I - +0 ice dragon scales (worn)
 W - a +2 helmet (worn)
 X - the +0 pair of gloves of Context (worn) {-Cast +Blink rPois Regen+}
   (You found it on level 6 of the Lair of Beasts)

   It protects you from poison.
   It lets you blink.
   It prevents spellcasting.
   It increases your rate of regeneration.
Jewellery
 q - a ring of ice (left hand)
 B - a +3 ring of intelligence (right hand)
 H - an amulet of faith (around neck)
 J - an uncursed ring of protection from magic
 O - an uncursed ring of stealth
 V - an uncursed ring of resist corrosion
 Z - a +4 ring of evasion
Wands
 b - a wand of acid (15)
 u - a wand of iceblast (12)
 C - a wand of polymorph (15)
 E - a wand of digging (35)
 G - a wand of enslavement (25)
 K - a wand of paralysis (61)
 M - a wand of random effects (78)
 N - a wand of disintegration (38)
Scrolls
 a - a scroll of enchant armour
 d - 9 scrolls of remove curse
 e - 3 scrolls of magic mapping
 l - a scroll of fear
 o - 11 scrolls of teleportation
 A - 5 scrolls of fog
 F - 3 scrolls of blinking
Potions
 f - 4 potions of invisibility
 h - 5 potions of haste
 k - a potion of cancellation
 m - 6 potions of lignification
 n - 2 potions of brilliance
 r - 3 potions of might
 v - 8 potions of flight {unknown}
 w - 9 potions of curing
 x - 3 potions of agility
 z - 2 potions of resistance
 D - a potion of heal wounds
 P - 4 potions of mutation
 Q - a potion of magic
 U - a potion of ambrosia
 Y - a potion of berserk rage
Miscellaneous
 g - a lamp of fire
 T - a phial of floods
Comestibles
 c - 44 rations


   Skills:
 + Level 14.0(11.2) Fighting
 + Level 19.2(16.1) Axes
 + Level 10.6(8.0) Armour
 + Level 8.2(5.8) Dodging
 + Level 6.2(3.9) Stealth


You had 15 spell levels left.
You didn't know any spells.
Your spell library was empty.

Dungeon Overview and Level Annotations

Branches:
Dungeon (15/15)            Temple (1/1) D:6            Lair (6/6) D:9
 Shoals (0/4) Lair:3        Snake (0/4) Lair:2        Slime (1/5) Lair:6
    Orc (2/2) D:11            Elf (0/3) Orc:2        Vaults (0/5) D:14
 Depths (0/5) D:15

Altars:
Cheibriados
Nemelex Xobeh
Okawaru
Ru
Uskayaw
The Shining One
Beogh

Shops:
D:5 (}=   D:7 =   D:12 (   Orc:2 =([

Portals:
Trove: D:15 (give horn of Geryon)

Annotations:
D:7 2 transporters
Lair:1 exclusion: oklob plant


Innate Abilities, Weirdness & Mutations

You are resistant to torment.
Your stone body is resilient. (AC +12)
You are immune to poison.
Your large and strong wings let you fly indefinitely.
You resist negative energy. (rN+)
You are resistant to electric shocks. (rElec)
You can survive without breathing.
You are immune to petrification.
You are immune to rotting.


Message History

The acid blob hits you!!
* * * LOW HITPOINT WARNING * * *
The acid corrodes you!
You are splashed with acid!
The acid burns!
* * * LOW HITPOINT WARNING * * *
The wall burns your cyclops!
Your cyclops hits the slime creature!!!
The slime creature dies!
Trog accepts your kill.
A slime creature comes into view.
You slice the acid blob!! The acid corrodes you!
Your hands burn!
* * * LOW HITPOINT WARNING * * *
The acid blob is moderately wounded.
The acid blob barely misses you.
Unknown command.
You barely miss the acid blob.
The acid blob is moderately wounded.
The wall burns your cyclops!
Your cyclops hits the acid blob!!! The acid corrodes your cyclops!
Your cyclops is burned by acid!
The acid blob hits you!!
You die...

........##
........#
####.......#
##.#.#......## #
#............#..
................
.............#
...J...J@....#
..J#.J>.C.#.....
.......<.#...##.
.#...........#
#.#.........#
............#
...............
...............
.#.....#......#


You could see an acid blob, 3 slime creatures and a friendly cyclops (berserk).

Vanquished Creatures
  Saint Roka (Orc:2)
  Rupert (D:14)
  A frost giant (IceCv)
  An orc warlord (Orc:1)
  Azrael (D:12)
  A fire dragon (D:12)
  The ghost of ssg the Transmogrifier, a journeyman DrTm of Cheibriados (Orc:2)
  4 catoblepae
  A vault guard (D:15)
  6 hydras
  A death knight (D:15)
  Erica (D:8)
  A centaur warrior (D:13)
  2 dancing weapons (D:14)
  9 death yaks
  A tengu warrior (D:15)
  3 two-headed ogres
  An orc high priest (Orc:2)
  A fire crab (shapeshifter) (D:15)
  3 skeletal warriors (D:12)
  2 unseen horrors
  A glowing orange brain (D:15)
  A phantasmal warrior (D:15)
  6 orc knights
  6 deep elf magi
  20 ugly things
  A wolf spider (shapeshifter) (D:15)
  4 cyclopes
  4 orc sorcerers
  3 manticores
  2 black mambas
  10 elephants
  An ice statue (IceCv)
  4 gargoyles
  13 spiny frogs
  4 rime drakes
  4 komodo dragons
  3 efreet
  2 freezing wraiths (D:15)
  2 tengu conjurers (D:14)
  2 queen bees
  The ghost of Blarg the Cudgeler, an amateur MiBe of Trog (D:4)
  5 trolls
  A meliai (shapeshifter) (D:15)
  17 polar bears
  2 hornets
  A hippogriff (shapeshifter) (D:13)
  19 blink frogs
  9 slime creatures
  A snapping turtle (Lair:3)
  10 hippogriffs
  2 shadows
  2 wraiths
  6 wyverns
  2 vampires
  2 basilisks
  51 yaks
  A wyvern (shapeshifter) (D:15)
  7 fire bats (D:12)
  3 humans (D:6)
  2 fire elementals (D:12)
  A steam dragon (D:13)
  3 hungry ghosts
  8 vampire mosquitoes
  5 wargs
  4 nagas (Lair:2)
  A soldier ant (D:15)
  5 hell hounds (D:12)
  7 porcupines
  12 water moccasins
  3 black bears
  A sky beast (D:10)
  36 orc warriors
  11 ice beasts
  4 eyes of draining
  2 phantoms
  A hornet zombie (D:9)
  A tengu (shapeshifter) (D:14)
  12 wolves (IceCv)
  8 ogres
  5 centaurs
  10 crocodiles
  3 big kobolds
  9 bullfrogs
  3 scorpions
  39 killer bees
  3 electric eels
  2 vampire bats (Lair:5)
  12 wights
  A howler monkey (D:8)
  7 crimson imps
  2 centaur zombies
  2 quasits
  2 bullfrog zombies
  6 hounds
  15 orc priests
  2 bullfrog skeletons
  4 centaur skeletons
  12 jellies
  3 iguanas
  11 worker ants
  23 orc wizards
  2 killer bee zombies
  A hound skeleton (D:9)
  4 gnolls (D:9)
  9 adders
  3 shadow imps
  13 oozes
  An adder skeleton (D:4)
  2 worms (D:2)
  14 dart slugs
  4 leopard geckos
  70 orcs
  7 giant cockroaches
  6 goblins
  10 hobgoblins
  5 jackals
  6 quokkas
  3 ball pythons
  16 bats
  2 frilled lizards (D:2)
  22 kobolds
  A leopard gecko skeleton (D:4)
  6 rats
  A bush (Lair:5)
  6 fungi
  3 plants
798 creatures vanquished.

Vanquished Creatures (collateral kills)
  The ghost of lmSkywalker the Severer, a journeyman HOFi of Beogh (Orc:2)
  4 hydras
  An orc knight (Orc:2)
  3 spiny frogs (Lair:1)
  A slime creature (Slime:1)
  A hippogriff (Lair:1)
  A water moccasin (Lair:6)
  An orc warrior (D:15)
  A black bear (Lair:1)
  2 killer bees (D:8)
  An orc priest (Orc:2)
  An orc wizard (Orc:2)
  4 orcs
22 creatures vanquished.

Vanquished Creatures (others)
  A polar bear (IceCv)
  A yak (IceCv)
  A wolf (IceCv)
  An orc wizard (Orc:2)
  12 fungi
  4 plants
  A withered plant (Orc:2)
21 creatures vanquished.

Grand Total: 841 creatures vanquished

Notes
Turn   | Place    | Note
-------+----------+-------------------------------------------
     0 | D:1      | Fang the Gargoyle Berserker began the quest for the Orb.
     0 | D:1      | Reached XP level 1. HP: 14/14 MP: 1/1
   357 | D:1      | Reached XP level 2. HP: 14/19 MP: 2/2
   456 | D:1      | Reached skill level 3 in Axes
   881 | D:1      | Reached XP level 3. HP: 24/24 MP: 3/3
  1087 | D:2      | Reached ** piety under Trog
  1413 | D:2      | Reached XP level 4. HP: 23/29 MP: 4/4
  2564 | D:3      | Reached skill level 4 in Axes
  2611 | D:3      | Reached XP level 5. HP: 33/33 MP: 5/5
  2745 | D:3      | Reached skill level 1 in Stealth
  3012 | D:4      | Noticed a phantom
  3037 | D:3      | Reached *** piety under Trog
  3234 | D:3      | Killed a phantom
  3234 | D:3      | Reached XP level 6. HP: 14/39 MP: 2/6
  3783 | D:4      | Reached skill level 5 in Axes
  3783 | D:4      | Reached XP level 7. HP: 23/44 MP: 3/7
  4428 | D:4      | Found a runed door.
  4428 | D:4      | Noticed Blarg's ghost (amateur MiBe)
  4694 | D:4      | Killed Blarg's ghost
  4694 | D:4      | Reached skill level 5 in Fighting
  4734 | D:5      | Entered Level 5 of the Dungeon
  4805 | D:5      | Reached skill level 6 in Axes
  4805 | D:5      | Reached XP level 8. HP: 49/49 MP: 8/8
  5015 | D:5      | Found Gautt's Weapon Shoppe.
  5077 | D:5      | Found Masyqy's Gadget Shop.
  5129 | D:5      | Found a sparkling altar of Nemelex Xobeh.
  5336 | D:5      | Found Lofena's Jewellery Shoppe.
  5693 | D:6      | Found an iron altar of Okawaru.
  5731 | D:6      | Reached skill level 7 in Axes
  6226 | D:6      | Reached skill level 5 in Dodging
  6226 | D:6      | Reached XP level 9. HP: 33/55 MP: 3/9
  6632 | D:6      | Found a staircase to the Ecumenical Temple.
  6870 | Temple   | Entered the Ecumenical Temple
  6903 | D:7      | Found a transporter.
  6919 | D:7      | Found a transporter.
  7713 | D:7      | Found Duedeg's Jewellery Boutique.
  7753 | D:7      | Noticed a hornet
  7757 | D:7      | Killed a hornet
  7757 | D:7      | Reached skill level 8 in Axes
  7773 | D:7      | Noticed a red ugly thing
  7784 | D:7      | Killed a red ugly thing
  8322 | D:7      | Reached **** piety under Trog
  8539 | D:8      | Noticed Erica
  8558 | D:8      | Killed Erica
  8558 | D:8      | Reached skill level 9 in Axes
  8558 | D:8      | Reached skill level 5 in Stealth
  8558 | D:8      | Reached XP level 10. HP: 63/63 MP: 8/10
  9217 | D:8      | Reached skill level 10 in Axes
 10054 | D:9      | Reached ***** piety under Trog
 10249 | D:9      | Found a staircase to the Lair.
 10708 | D:10     | Entered Level 10 of the Dungeon
 10935 | D:10     | Reached XP level 11. HP: 65/69 MP: 11/11
 11036 | D:10     | Noticed a brown ugly thing
 11049 | D:10     | Killed a brown ugly thing
 11049 | D:10     | Reached skill level 11 in Axes
 11256 | D:10     | Received a gift from Trog
 11259 | D:10     | Got a bloodstained executioner's axe {god gift}
 11260 | D:10     | Identified the +11 executioner's axe of Velicuc {venom,
                  | *Drain rF++ Int+2 SInv} (Trog gifted it to you on level 10
                  | of the Dungeon)
 11509 | Lair:1   | Entered Level 1 of the Lair of Beasts
 11645 | Lair:1   | Reached skill level 5 in Armour
 11859 | Lair:1   | You fall through a shaft!
 11859 | Lair:2   | Found a staircase to the Snake Pit.
 12352 | Lair:1   | Noticed a five-headed hydra
 12363 | Lair:1   | Killed a five-headed hydra
 12379 | Lair:1   | Reached skill level 12 in Axes
 12670 | Lair:1   | Noticed an oklob plant
 13116 | Lair:2   | Reached XP level 12. HP: 73/76 MP: 12/12
 14155 | Lair:3   | Noticed an eight-headed hydra
 14197 | Lair:3   | Killed an eight-headed hydra
 14460 | Lair:3   | Found a staircase to the Shoals.
 14464 | Lair:3   | Reached skill level 13 in Axes
 14471 | Lair:3   | You fall through a shaft for 2 floors!
 14471 | Lair:5   | Found a snail-covered altar of Cheibriados.
 14546 | Lair:4   | Noticed a death yak
 14546 | Lair:4   | Noticed a death yak
 14546 | Lair:4   | Noticed a death yak
 14546 | Lair:4   | Noticed a death yak
 14552 | Lair:4   | Killed a death yak
 14552 | Lair:4   | Killed a death yak
 14552 | Lair:4   | Received a gift from Trog
 14552 | Lair:4   | Reached skill level 10 in Fighting
 14555 | Lair:4   | Killed a death yak
 14556 | Lair:4   | Killed a death yak
 14628 | Lair:4   | Noticed a four-headed hydra
 14809 | Lair:4   | Killed a seven-headed hydra
 15128 | Lair:4   | Noticed a five-headed hydra
 15138 | Lair:4   | Killed an eight-headed hydra
 15289 | Lair:4   | Noticed a five-headed hydra
 15295 | Lair:4   | Killed a seven-headed hydra
 15402 | Lair:4   | Reached XP level 13. HP: 83/83 MP: 13/13
 16193 | Lair:5   | Reached skill level 14 in Axes
 16845 | Lair:6   | Entered Level 6 of the Lair of Beasts
 17162 | Lair:6   | Found a staircase to the Slime Pits.
 17614 | Lair:6   | Reached skill level 15 in Axes
 17898 | Lair:6   | Gained mutation: Your large and strong wings let you fly
                  | indefinitely. [Gargoyle growth]
 17898 | Lair:6   | Reached XP level 14. HP: 90/90 MP: 11/14
 18280 | Lair:6   | Got a smoking broad axe
 18282 | Lair:6   | Got a pair of jewelled gloves
 18296 | Lair:6   | Identified the +0 pair of gloves of Context {-Cast +Blink
                  | rPois Regen+} (You found it on level 6 of the Lair of
                  | Beasts)
 18297 | Lair:6   | Identified the +3 broad axe of Defiance {drain, +Rage rF+
                  | Str+4 Int+2} (You found it on level 6 of the Lair of
                  | Beasts)
 18797 | D:11     | Found a staircase to the Orcish Mines.
 19009 | D:11     | Reached skill level 16 in Axes
 19417 | D:11     | Received a gift from Trog
 19675 | D:12     | Noticed Azrael
 19685 | D:12     | Killed Azrael
 19969 | D:12     | Received a gift from Trog
 20277 | D:12     | Found Kairoeps's Weapon Emporium.
 21026 | D:13     | Reached skill level 17 in Axes
 21049 | D:13     | Received a gift from Trog
 21163 | D:13     | Reached ****** piety under Trog
 21213 | D:13     | Reached XP level 15. HP: 84/97 MP: 13/15
 21654 | D:14     | Noticed Rupert
 21656 | D:14     | Paralysed by Rupert for 6 turns
 21669 | D:14     | Killed Rupert
 22275 | D:14     | Found a gate to the Vaults.
 22874 | D:15     | Entered Level 15 of the Dungeon
 22902 | D:15     | Reached skill level 10 in Armour
 22961 | D:15     | Found the +8 trident of the Octopus King {venom, rElec
                  | rPois MR+}
 22975 | D:15     | Found a frozen archway.
 22999 | IceCv    | Entered an ice cave
 23007 | IceCv    | Received a gift from Trog
 23357 | IceCv    | Reached skill level 18 in Axes
 23422 | IceCv    | Noticed a frost giant
 23433 | IceCv    | Killed a frost giant
 23744 | D:15     | Received a gift from Trog
 24086 | D:15     | Reached XP level 16. HP: 82/104 MP: 9/16
 24286 | D:15     | Received a gift from Trog
 24334 | D:15     | Found a sacrificial altar of Ru.
 24391 | D:15     | Found a portal to a secret trove of treasure.
 24586 | D:15     | Found a staircase to the Depths.
 24917 | Orc:1    | Entered Level 1 of the Orcish Mines
 25233 | Orc:2    | Entered Level 2 of the Orcish Mines
 25308 | Orc:2    | Noticed Saint Roka
 25309 | Orc:2    | Received a gift from Trog
 25574 | Orc:2    | Found a roughly hewn altar of Beogh.
 26053 | Orc:2    | Reached skill level 19 in Axes
 26054 | Orc:2    | Killed Saint Roka
 26236 | Orc:2    | Found Kajoibbu's Antique Weapon Boutique.
 26285 | Orc:2    | Found Poero's Jewellery Boutique.
 26520 | Orc:2    | Found a staircase to the Elven Halls.
 26601 | Orc:2    | Found a runed gate.
 26601 | Orc:2    | Found a runed gate.
 26602 | Orc:2    | Found a runed gate.
 26603 | Orc:2    | Noticed lmSkywalker's ghost (journeyman HOFi)
 26604 | Orc:2    | Noticed ssg's ghost (journeyman DrTm)
 26749 | Orc:2    | Killed lmSkywalker's ghost
 26752 | Orc:2    | Killed ssg's ghost
 26780 | Orc:2    | Identified a scroll of acquirement
 26783 | Orc:2    | Got a translucent battleaxe
 26784 | Orc:2    | Identified the +5 battleaxe of Mayhem {chaos, rElec Str+3
                  | SInv} (You acquired it on level 2 of the Orcish Mines)
 26826 | Orc:2    | Found Inumao Vixke's Antique Armour Boutique.
 26862 | Orc:2    | Received a gift from Trog
 27070 | Orc:2    | Found Yvorha's General Store.
 27433 | Slime:1  | Entered Level 1 of the Pits of Slime
 27439 | Slime:1  | Noticed an acid blob
 27451 | Slime:1  | Demolished by an acid blob

Skill      XL: |  1  2  3  4  5  6  7  8  9 10 11 12 13 14 15 16 |
---------------+-------------------------------------------------+-----
Axes           | 3 4 5 6 7 9 10 12 13 15 17 18 19 | 19.2
Dodging        | 2 3 4 5 6 7 8 |  8.2
Fighting       | 4 5 6 7 8 9 10 11 12 13 14 | 14.0
Stealth        | 1 2 3 5 6 |  6.2
Armour         | 4 6 8 9 10 | 10.6

Action                   |  1- 3 |  4- 6 |  7- 9 | 10-12 | 13-15 | 16-18 || total
-------------------------+-------+-------+-------+-------+-------+-------++-------
Melee: Hand axe          |   127 |   229 |   232 |       |       |       ||   588
       Battleaxe         |       |       |    39 |   214 |       |    13 ||   266
       Executioner's axe |       |       |       |   210 |   822 |   193 ||  1225
Invok: Berserk           |       |     4 |    11 |    10 |    17 |     5 ||    47
       Trog's Hand       |       |       |     2 |       |       |       ||     2
       Brothers in Arms  |       |       |       |     7 |     4 |     4 ||    15
 Abil: Fly               |       |       |       |       |     1 |       ||     1
  Use: Scroll            |       |       |    17 |     3 |    13 |     5 ||    38
       Potion            |       |       |     1 |       |       |     1 ||     2
 Stab: Sleeping          |       |     1 |     4 |     2 |       |       ||     7
       Distracted        |       |       |       |     2 |       |       ||     2
  Eat: Chunk             |     1 |     8 |    15 |    16 |    39 |    10 ||    89
       Ration            |       |     1 |     3 |     7 |     2 |     2 ||    15
Armor: Animal skin       |    46 |    86 |   123 |       |       |       ||   255
       Pearl dragon scal |       |       |    10 |   109 |       |       ||   119
       Ice dragon scales |       |       |       |   228 |   797 |   139 ||  1164
Dodge: Dodged            |    94 |   144 |   203 |   318 |   723 |   155 ||  1637
